 Dungeon Crawl Stone Soup version 0.21-a0-84-g85d6d27 (webtiles) character file.

294 tehllama the Digger (level 6, 0/32 HPs)
             Began as a Gargoyle Earth Elementalist on June 29, 2017.
             Killed from afar by Dowan (21 damage)
             ... with a shard of ice
             ... on level 4 of the Dungeon.
             The game lasted 00:14:56 (3642 turns).

tehllama the Digger (Gargoyle Earth Elementalist)   Turns: 3642, Time: 00:14:59

Health: 0/32       AC:  8    Str: 12    XL:     6   Next: 33%
Magic:  1/12       EV: 12    Int: 20    God:
Gold:   126        SH:  0    Dex: 10    Spells: 9/13 levels left

rFire    . . .     SeeInvis .   v - +0 mace
rCold    . . .     Gourm    +   (no shield)
rNeg     + . .     Faith    .   c - +1 robe
rPois    ∞         Spirit   .   (no helmet)
rElec    +         Reflect  .   u - +0 cloak
rCorr    .         Harm     .   (no gloves)
MR       +....                  (no boots)
Stlth    ++........             m - amulet of the gourmand
HPRegen  0.10/turn              q - +3 ring of intelligence
MPRegen  0.13/turn              w - ring of protection from magic

@: no status effects
A: negative energy resistance 1, electricity resistance, unbreathing,
petrification resistance, rot immunity, AC +4
a: no special abilities


You were on level 4 of the Dungeon.
You were very full.

You visited 1 branch of the dungeon, and saw 4 of its levels.

You collected 126 gold pieces.

Inventory:

Hand Weapons
 t - a +2 quarterstaff of chaos
 v - a +0 mace (weapon)
 x - a +2 short sword of draining
Missiles
 b - 30 stones (quivered)
Armour
 c - a +1 robe (worn)
 u - a +0 cloak (worn)
Jewellery
 m - an amulet of the gourmand (around neck)
 q - a +3 ring of intelligence (left hand)
 w - a ring of protection from magic (right hand)
Wands
 p - a wand of lightning (7/15)
Scrolls
 g - a scroll of remove curse
 j - a scroll of enchant weapon
 l - a scroll of recharging {unknown}
 o - 3 scrolls of identify
Potions
 f - a potion of curing
 h - 3 potions of mutation
 i - a potion of haste
 k - a potion of heal wounds
 n - a potion of brilliance {unknown}
 r - a potion of flight {unknown}
 s - a potion of lignification {unknown}
Books
 e - a book of Geomancy

   Spells                             Type                      Level
   a - Sandblast                      Earth                        1
   b - Passwall                       Transmutation/Earth          2
   c - Stone Arrow                    Conjuration/Earth            3
   d - Petrify                        Transmutation/Earth          4
   e - Lee's Rapid Deconstruction     Earth                        5
Comestibles
 a - 2 fruits
 d - 3 bread rations


   Skills:
 - Level 1.5 Dodging
 - Level 2.1 Stealth
 + Level 4.1 Spellcasting
 + Level 3.0 Conjurations
   Level 0.7 Transmutations
 + Level 5.6 Earth Magic


You had 9 spell levels left.
You knew the following spells:

 Your Spells              Type           Power        Failure   Level  Hunger
a - Sandblast             Erth           ####..       1%          1    None
b - Stone Arrow           Conj/Erth      ###...       6%          3    ###....


Dungeon Overview and Level Annotations

Branches:
Dungeon (4/15)
 Temple: D:4-7

Altars:
Okawaru

Annotations:
D:4 Dowan


Innate Abilities, Weirdness & Mutations

You are resistant to torment.
Your stone body is resilient. (AC +4)
You are immune to poison.
You resist negative energy. (rN+)
You are resistant to electric shocks. (rElec)
You can survive without breathing.
You are immune to petrification.
You are immune to rotting.


Message History

Dowan barely misses you. Dowan hits you but does no damage.
You barely miss Dowan.
Dowan is heavily wounded.
Dowan casts a spell at you. The stone arrow hits you!
Dowan hits you but does no damage.
You completely miss Dowan.
Dowan is heavily wounded.
Dowan hits you but does no damage. Dowan hits you with a dagger.
Casting: Sandblast
Confirm with . or Enter, or press ? or * to list all spells.
Aiming: Sandblast
Press: ? - help, Shift-Dir - straight line, f/p - Dowan
Aim: Dowan, wielding a dagger and wearing a robe (heavily wounded, fast)
The blast of sand misses Dowan.
b - 30 stones Dowan hits you but does no damage.
Dowan gestures at you while chanting. The shard of ice hits you!
Ouch! That really hurt!
You die...

....########
##..........
#..#####.#.
#..# .. #
#..### .###
####.#
##....##..
..###..?...
...)...#.# #..
>....#
##.##..#.#
#.##.....#
#.##..#.#
#..@e....#
#.##..#.#
#.###....#
#.....#.#####.#
.#.#
#.............#
#
##.#..[.....###
#.#..#####.#
#.#..# #.#
#.#... ...
#.##.## ##.##


You could see Dowan.

Vanquished Creatures
  Duvessa (D:4)
  Crazy Yiuf (D:2)
  2 orc wizards (D:3)
  4 adders
  An ooze (D:2)
  A dart slug (D:1)
  A leopard gecko (D:3)
  2 orcs (D:3)
  A giant cockroach (D:1)
  10 goblins
  7 hobgoblins
  4 jackals
  7 kobolds
  5 ball pythons
  6 bats
  A frilled lizard (D:2)
  9 rats
63 creatures vanquished.

Notes
Turn   | Place    | Note
-------+----------+-------------------------------------------
     0 | D:1      | tehllama the Gargoyle Earth Elementalist began the quest for the Orb.
     0 | D:1      | Reached XP level 1. HP: 10/10 MP: 3/3
   426 | D:1      | Reached XP level 2. HP: 14/15 MP: 0/5
   548 | D:1      | Reached skill level 4 in Earth Magic
  1157 | D:2      | Reached XP level 3. HP: 14/19 MP: 4/7
  1162 | D:2      | Learned a level 3 spell: Stone Arrow
  1808 | D:2      | Reached XP level 4. HP: 23/24 MP: 8/8
  1984 | D:2      | Found a runed door.
  1988 | D:2      | Noticed Crazy Yiuf
  1993 | D:2      | Killed Crazy Yiuf
  1993 | D:2      | Reached skill level 1 in Conjurations
  2507 | D:3      | Found an iron altar of Okawaru.
  2523 | D:3      | Reached XP level 5. HP: 23/28 MP: 7/10
  2729 | D:3      | Reached skill level 5 in Earth Magic
  3616 | D:4      | Noticed Duvessa
  3620 | D:4      | Noticed Dowan
  3630 | D:4      | Killed Duvessa
  3630 | D:4      | Reached XP level 6. HP: 24/32 MP: 1/12
  3642 | D:4      | Killed from afar by Dowan

Vault maps used:
D:1:      dpeg_arrival_lava_altar, minivault_5, minmay_misc_feat_nine_boxes
D:2:      first_bread, uniq_crazy_yiuf_cottage
D:3:      okawaru_gym_becter, minmay_misc_feat_tiny
D:4:      minmay_unequal, uniq_duvessa

Skill      XL: |  1  2  3  4  5 |
---------------+----------------+-----
Earth Magic    | 4 5 |  5.6
Spellcasting   | 3 4 |  4.1
Conjurations   | 1 3 |  3.0
Dodging        | |  1.5
Stealth        | |  2.1
Transmutations | |  0.7

Action                   |  1- 3 |  4- 6 || total
-------------------------+-------+-------++-------
Melee: Hand axe          |    15 |       ||    15
       Club              |    63 |    20 ||    83
       Mace              |       |    83 ||    83
 Cast: Sandblast         |    26 |    26 ||    52
       Stone Arrow       |       |     7 ||     7
  Use: Scroll            |     7 |     2 ||     9
       Potion            |       |     1 ||     1
 Stab: Sleeping          |       |     2 ||     2
  Eat: Chunk             |    13 |    11 ||    24
Armor: Robe              |    38 |    76 ||   114
Dodge: Dodged            |    80 |    97 ||   177
